 Dungeon Crawl Stone Soup version 0.18-a0-822-gb52b7b4 (webtiles) character file.

1428 WhatsThis the Ducker (level 8, -12/78 HPs)
             Began as a Troll Warper on Dec 15, 2015.
             Was an Initiate of Sif Muna.
             Mangled by a polar bear (27 damage)
             ... created by the rage of Trog
             ... on level 5 of the Dungeon on Dec 17, 2015.
             The game lasted 01:41:46 (6191 turns).

WhatsThis the Ducker (Troll Warper)                 Turns: 6191, Time: 01:41:46

Health: -12/78     AC:  7    Str: 21    XL:     8   Next: 44%
Magic:  5/9        EV: 12    Int:  9    God:    Sif Muna [......]
Gold:   256        SH:  0    Dex: 10    Spells: 4 memorised, 2 levels left

rFire  . . .     SeeInvis .     l - +4 quarterstaff (chaos)
rCold  . . .     Gourm    +     b - +0 robe
rNeg   . . .     Faith    .     (shield currently unavailable)
rPois  .         Spirit   .     (helmet restricted)
rElec  .         Dismiss  .     m - +1 cloak
rCorr  .         Reflect  .     (gloves unavailable)
SustAt .         Harm     .     (boots unavailable)
MR     .....                    (no amulet)
Stlth  +.........               (no ring)
                                (no ring)

@: exhausted, very slightly contaminated, not resistant to hostile enchantments,
very unstealthy
A: unfitting armour, claws 3, fast metabolism 3, gourmand, regeneration 2,
shaggy fur 1, tough skin 2
a: Renounce Religion


You were on level 5 of the Dungeon.
You worshipped Sif Muna.
Sif Muna was noncommittal.
You were not hungry.

You visited 2 branches of the dungeon, and saw 6 of its levels.

You collected 256 gold pieces.

Inventory:

Hand Weapons
 a - a +0 short sword
 g - a +1 whip of electrocution
 i - a +0 arbalest
 l - a +4 quarterstaff of chaos (weapon)
 n - a cursed -2 dagger
 o - a +0 dagger
 r - a +0 dagger
 t - a +0 dagger of venom
 u - a +1 flail of protection
 v - a +0 dagger
 z - a +0 dagger
 C - a +0 spear
 D - a +4 hunting sling of freezing
 F - a +2 flail of draining
 J - a +2 whip of draining
 P - a +0 spear
Missiles
 h - 13 arrows of flame
 k - 151 stones (quivered)
 w - 36 arrows
 y - 7 needles of frenzy
 A - 49 bolts
 B - 7 tomahawks
 E - 16 sling bullets
 H - 5 curare-tipped needles
Armour
 b - a +0 robe (worn)
 e - a +0 animal skin
 m - a +1 cloak (worn)
Jewellery
 K - a +3 ring of protection {unknown}
Wands
 q - a wand of frost (0)
 G - a wand of paralysis (8)
 N - a wand of disintegration (0)
Scrolls
 d - a scroll of blinking
 j - a scroll of fog
 p - 3 scrolls of teleportation
 s - a scroll of magic mapping
 M - a scroll of enchant armour {unknown}
 Q - 2 scrolls of remove curse
Potions
 x - a potion of berserk rage {unknown}
 I - a potion of degeneration {unknown}
 L - 4 potions of curing {unknown}
 T - a potion of flight {unknown}
Books
 c - a book of Spatial Translocations

   Spells                             Type                      Level
   a - Apportation                    Translocation                1
   b - Blink                          Translocation                2
   c - Shroud of Golubria             Charms/Translocation         2
   d - Portal Projectile              Translocation                3
   e - Teleport Other                 Translocation                3
   f - Passage of Golubria            Translocation                4
Comestibles
 f - 2 bread rations
 R - a royal jelly


   Skills:
 + Level 3.7 Fighting
 + Level 2.3 Short Blades
 + Level 2.2 Staves
 + Level 0.7(1.0) Slings
 + Level 1.3(1.5) Throwing
 + Level 6.0 Dodging
 + Level 2.2 Stealth
 - Level 1.5 Spellcasting
 + Level 0.6 Charms
 - Level 2.8 Translocations
 + Level 1.2 Evocations


You had 2 spell levels left.
You knew the following spells:

 Your Spells              Type           Power        Failure   Level  Hunger
a - Apportation           Tloc           #.........   12%         1    ##.....
b - Blink                 Tloc           N/A          17%         2    ###....
c - Shroud of Golubria    Chrm/Tloc      #.........   28%         2    ###....
d - Portal Projectile     Tloc           #.....       34%         3    ####...


Dungeon Overview and Level Annotations

Branches:
Dungeon (5/15)             Temple (1/1) D:4

Altars:
Cheibriados
Dithmenos
Fedhas
Gozag
Makhleb
Ru
Sif Muna
Trog
Xom
The Shining One


Innate Abilities, Weirdness & Mutations

You are too large for most types of armour.
You have claws for hands.
Your metabolism is lightning-fast.
You like to eat raw meat.
You heal very quickly.
You are covered in fur (AC +1).
You have very tough skin (AC +2).


Message History

Casting: Blink
Confirm with . or Enter, or press ? or * to list all spells.
You miscast Shroud of Golubria.
You are very lightly contaminated with residual magic.
Your claws glow momentarily.
The polar bear bites you!!
The polar bear claws you but does no damage.
The polar bear barely misses you.
Casting: Shroud of Golubria
Confirm with . or Enter, or press ? or * to list all spells.
You miscast Shroud of Golubria.
The floor and the ceiling briefly switch places.
The polar bear bites you! The polar bear closely misses you.
The polar bear completely misses you. The polar bear bites you!!
* * * LOW HITPOINT WARNING * * *
The polar bear claws you.
* * * LOW HITPOINT WARNING * * *
The polar bear claws you but does no damage.
As you read the scroll of fear, it crumbles to dust.
You assume a fearsome visage.
The polar bear bites you!!
You die...

. .## .......# #
)..# ##..%..## .#.
!..#!$.....# ...
#.#.......# .#
#......>).#
#......# #.#hhh##
##.##h## .#.....
#[.##@#
.#.......###.###.#
.................#
.........###.#####
.........##..#
............##
........###..#
...... #..# #.###
#..##


You could see 2 polar bears and 2 black bears.

Vanquished Creatures
  Pikel (D:4)
  Menkaure (D:4)
  Edmund (D:4)
  3 slaves (D:4)
  An ogre (D:5)
  3 scorpions
  A centaur skeleton (D:4)
  Crazy Yiuf (D:3)
  A hound (D:4)
  An orc priest (D:5)
  Ijyb (D:3)
  Natasha (thrice) (D:3)
  2 worker ants
  4 gnolls
  10 adders
  3 river rats (D:4)
  An ooze (D:3)
  3 worms (D:2)
  9 orcs
  6 giant cockroaches
  10 goblins
  8 hobgoblins
  10 jackals
  4 ball pythons
  8 bats
  2 giant geckos (D:1)
  5 giant newts
  11 kobolds
  2 quokkas
  8 rats
  2 plants (D:4)
126 creatures vanquished.

Vanquished Creatures (others)
  4 plants (D:4)
  5 toadstools (D:1)
9 creatures vanquished.

Grand Total: 135 creatures vanquished

Notes
Turn   | Place    | Note
--------------------------------------------------------------
     0 | D:1      | WhatsThis the Troll Warper began the quest for the Orb.
     0 | D:1      | Reached XP level 1. HP: 19/19 MP: 1/1
   107 | D:1      | Reached XP level 2. HP: 25/27 MP: 2/2
   691 | D:1      | Learned a level 2 spell: Blink
   691 | D:1      | Upgraded the game from 0.18-a0-816-g97f838e to 0.18-a0-822-gb52b7b4
  1294 | D:2      | Reached XP level 3. HP: 33/35 MP: 3/3
  1655 | D:2      | Reached XP level 4. HP: 34/42 MP: 4/4
  1749 | D:2      | Learned a level 2 spell: Shroud of Golubria
  2526 | D:3      | Noticed Ijyb
  2549 | D:3      | Killed Ijyb
  2549 | D:3      | Reached skill level 3 in Dodging
  2607 | D:3      | Reached XP level 5. HP: 50/50 MP: 6/6
  2632 | D:3      | Noticed Natasha
  2640 | D:3      | Killed Natasha
  2830 | D:3      | Noticed Natasha
  2862 | D:3      | Killed Natasha
  3231 | D:3      | Noticed Crazy Yiuf
  3246 | D:3      | Killed Crazy Yiuf
  3246 | D:3      | Reached XP level 6. HP: 50/59 MP: 4/7
  3450 | D:3      | Found a burning altar of Makhleb.
  3453 | D:3      | Found an opulent altar of Gozag.
  3474 | D:3      | Noticed Natasha
  3503 | D:3      | Killed Natasha
  3641 | D:4      | Noticed Menkaure
  3708 | D:4      | Noticed Edmund
  3725 | D:4      | Killed Menkaure
  3725 | D:4      | Reached skill level 4 in Dodging
  3785 | D:4      | Killed Edmund
  3785 | D:4      | Reached skill level 1 in Staves
  3785 | D:4      | Reached XP level 7. HP: 53/67 MP: 6/8
  3837 | D:4      | Reached skill level 1 in Throwing
  4218 | D:4      | Reached skill level 1 in Stealth
  4273 | D:4      | Noticed Pikel
  4751 | D:4      | Reached skill level 5 in Dodging
  4794 | D:4      | Learned a level 3 spell: Portal Projectile
  4822 | D:4      | Found a staircase to the Ecumenical Temple.
  4831 | Temple   | Entered the Ecumenical Temple
  4880 | Temple   | Became a worshipper of Trog the Wrathful
  5030 | D:4      | Killed Pikel
  5030 | D:4      | Reached skill level 1 in Evocations
  5030 | D:4      | Reached XP level 8. HP: 29/76 MP: 9/9
  5285 | Temple   | Fell from the grace of Trog
  5285 | Temple   | Became a worshipper of the Shining One
  5407 | Temple   | Fell from the grace of the Shining One
  5407 | Temple   | Became a worshipper of Sif Muna the Loreminder
  5803 | D:5      | Entered Level 5 of the Dungeon
  5803 | D:5      | Found a blossoming altar of Fedhas.
  6131 | D:5      | Reached skill level 6 in Dodging
  6187 | D:5      | Noticed a polar bear
  6187 | D:5      | Noticed a polar bear
  6191 | D:5      | Mangled by a polar bear

Vault maps used:
D:1:      ldierk_walled_garden
D:2:      first_bread, minmay_stone_trees_small, minmay_three_crescents
D:3:      nicolae_overflow_hidden_temple, st_stairs_12, uniq_crazy_yiuf_cottage,
          uniq_iyjb, uniq_natasha
D:4:      wad_woods_settlement, minmay_temple_entry_statues_fountains,
          uniq_edmund, uniq_pikel, uniq_menkaure
D:5:      basic_altar
Temple:   nicolae_temple_no_exploring_needed

Action                   |  1- 3 |  4- 6 |  7- 9 || total
-------------------------+-------+-------+-------++-------
Melee: Short sword       |    66 |       |       ||    66
       Dagger            |    93 |   228 |       ||   321
       Quarterstaff      |       |    63 |   146 ||   209
 Fire: Hunting sling     |       |     3 |       ||     3
Throw: Tomahawk          |       |       |     5 ||     5
 Cast: Blink             |     1 |       |     7 ||     8
       Shroud of Golubri |       |     2 |     2 ||     4
Evoke: Wand              |       |       |     8 ||     8
  Use: Scroll            |       |     5 |     8 ||    13
       Potion            |       |     2 |     3 ||     5
 Stab: Fleeing           |       |     1 |       ||     1
       Paralysed         |       |       |     7 ||     7
  Eat: Chunk             |    15 |    21 |     9 ||    45
       Bread ration      |     1 |       |     2 ||     3
